 Dungeon Crawl Stone Soup version 0.21-a0-504-g2eda330 (webtiles) character file.

1598 Celandrion the Skirmisher (level 8, -1/64 HPs)
             Began as a Demonspawn Assassin on Nov 26, 2017.
             Was a Believer of Wu Jian.
             Slain by an orc warrior
             ... wielding a +0 battleaxe
              (17 damage)
             ... on level 6 of the Dungeon.
             The game lasted 00:25:43 (7462 turns).

Celandrion the Skirmisher (Demonspawn Assassin)     Turns: 7462, Time: 00:25:43

Health: -1/64      AC:  9    Str: 14    XL:     8   Next: 62%
Magic:  8/8        EV: 10    Int: 13    God:    Wu Jian [**....]
Gold:   341        SH:  3    Dex: 14    Spells: 5/7 levels left

rFire    + . .     SeeInvis .     - Unarmed
rCold    . . .     Gourm    .   y - +0 buckler
rNeg     . . .     Faith    .   H - +0 scale mail
rPois    .         Spirit   .   C - +0 helmet
rElec    .         Reflect  .   d - +0 cloak
rCorr    .         Harm     .   E - +0 pair of gloves
MR       .....                  (no boots)
Stlth    +.........             (no amulet)
HPRegen  0.20/turn              (no ring)
MPRegen  0.11/turn              (no ring)

@: no status effects
A: claws 2, fire resistance 1, spiny 1
a: Renounce Religion


You were on level 6 of the Dungeon.
You worshipped Wu Jian.
Wu Jian was pleased with you.
You were not hungry.

You visited 2 branches of the dungeon, and saw 8 of its levels.

You collected 341 gold pieces.

Inventory:

Hand Weapons
 b - a +0 blowgun
Missiles
 e - 26 poisoned needles
 f - 8 curare-tipped needles
 n - 2 tomahawks (quivered)
 G - 4 silver tomahawks
Armour
 d - a +0 cloak (worn)
 y - a +0 buckler (worn)
 C - a +0 helmet (worn)
 E - a +0 pair of gloves (worn)
 H - a +0 scale mail (worn)
Wands
 q - a wand of enslavement (14)
 u - a wand of flame (11)
 I - a wand of clouds (3)
 K - a wand of digging (13)
Scrolls
 c - 3 scrolls of teleportation
 j - 2 scrolls of immolation
 k - a scroll of blinking {unknown}
 l - a scroll of enchant armour {unknown}
 m - a scroll of amnesia {unknown}
 o - 2 scrolls of fog
 v - a scroll of random uselessness {unknown}
 x - a scroll of remove curse
 A - a scroll of enchant weapon {unknown}
 N - a scroll of summoning {unknown}
 O - a scroll of magic mapping {unknown}
Potions
 a - 2 potions of mutation
 h - 3 potions of brilliance
 i - a potion of lignification
 r - 2 potions of curing {unknown}
 t - a potion of ambrosia {unknown}
 z - 2 potions of might {unknown}
 D - 3 potions of flight {unknown}
 F - a potion of experience {unknown}
 J - 2 potions of heal wounds
 M - a potion of invisibility {unknown}
Comestibles
 g - 6 bread rations
 w - 4 meat rations
 B - 5 fruits


   Skills:
 + Level 5.7 Fighting
   Level 3.4 Short Blades
 + Level 5.2 Throwing
 + Level 4.9 Dodging
 - Level 3.6 Stealth
 + Level 3.7 Unarmed Combat


You had 5 spell levels left.
You knew the following spells:

 Your Spells              Type           Power        Failure   Level  Hunger
a - Animate Skeleton      Necr           N/A          93%         1    ##.....
b - Apportation           Tloc           #.....       93%         1    ##.....


Dungeon Overview and Level Annotations

Branches:
Dungeon (7/15)             Temple (1/1) D:4

Altars:
Ashenzari
Dithmenos
Fedhas
Kikubaaqudgha
Makhleb
Nemelex Xobeh
Okawaru
Qazlal
Ru
Sif Muna
Trog
Uskayaw
Vehumet
Wu Jian
Xom
Yredelemnul
The Shining One

Shops:
D:5 (   D:7 ([


Innate Abilities, Weirdness & Mutations

You have very sharp fingernails.
Your flesh is heat resistant. (rF+)
You are partially covered in sharp spines.


Message History

There is a stone staircase leading down here.
You see here a quarterstaff.
Throwing (i - inventory. (,) - cycle):
n - 3 tomahawks (quivered)
Press: ? - help, Shift-Dir - straight line, f - orc warrior
Aim: an orc warrior, wielding a battleaxe and wearing a plate armour You throw a tomahawk.
The tomahawk hits the orc warrior but does no damage.
You hit the orc warrior.
The orc warrior is lightly wounded.
The orc warrior hits you with a battleaxe!
* * * LOW HITPOINT WARNING * * *
You repeatedly attack the orc warrior from above.
You hit the orc warrior but do no damage.
The orc warrior is lightly wounded.
You closely miss the orc warrior.
The orc warrior is lightly wounded.
The orc warrior hits you with a battleaxe.
* * * LOW HITPOINT WARNING * * *
The orc warrior hits you with a battleaxe!
You die...

##.#.#.#.##.......#.#.##.....#
#.#.#.#.##.......#.#.###.####
#.#.#.#.########.#...###.#
##.#.#.#.# #.........#
...#.#.#.####################
.###.#.#.......[............#
...#.#.####################.#
.#.#.#.############# #.#
.#.#.#.........ยง@o.# #.#
.#.#.#############.# #.#
.#.#.............#.# #.#
.#.#...........#.#.# #.#
...#.......###.#.#.# #.#
.###.#####.# #.#.#.# #.#
....)......# #.#.#.# #.#
.....<.##### #.#.#.# #.#
######## #.#.#.########.#


You could see an orc warrior.

Vanquished Creatures
  An orc warrior (D:6)
  2 ogres (D:6)
  3 centaurs
  A bullfrog (D:7)
  A big kobold (D:7)
  A howler monkey (D:4)
  4 crimson imps
  A centaur zombie (D:3)
  3 bullfrog zombies
  2 orc priests
  2 hounds (D:6)
  A jelly (D:5)
  2 bullfrog skeletons
  2 orc wizards
  5 worker ants
  A killer bee zombie (D:6)
  A hound skeleton (D:4)
  A worker ant zombie (D:4)
  2 gnolls (D:7)
  9 adders
  A shadow imp (D:5)
  An ooze (D:3)
  2 adder skeletons (D:7)
  3 dart slugs
  5 leopard geckos
  15 orcs
  2 ball pythons
  9 bats
  4 giant cockroaches
  7 goblins
  4 hobgoblins
  17 jackals
  5 kobolds
  2 quokkas
  6 frilled lizards
  2 giant cockroach zombies (D:4)
  A jackal skeleton (D:4)
  2 leopard gecko zombies
  3 rats
136 creatures vanquished.

Notes
Turn   | Place    | Note
-------+----------+-------------------------------------------
     0 | D:1      | Celandrion the Demonspawn Assassin began the quest for the Orb.
     0 | D:1      | Reached XP level 1. HP: 16/16 MP: 1/1
    40 | D:1      | Reached skill level 1 in Dodging
   260 | D:1      | Gained mutation: Your flesh is heat resistant. (rF+) [demonic ancestry]
   260 | D:1      | Reached XP level 2. HP: 22/22 MP: 2/2
   772 | D:2      | Reached XP level 3. HP: 27/28 MP: 3/3
  1626 | D:3      | Gained mutation: You are partially covered in sharp spines. [demonic ancestry]
  1626 | D:3      | Reached XP level 4. HP: 31/34 MP: 4/4
  1645 | D:3      | Learned a level 1 spell: Animate Skeleton
  1647 | D:3      | Learned a level 1 spell: Apportation
  2062 | D:2      | Found a burning altar of Makhleb.
  2314 | D:3      | Gained mutation: You have sharp fingernails. [demonic ancestry]
  2314 | D:3      | Reached XP level 5. HP: 28/41 MP: 5/5
  2510 | D:3      | Found a blossoming altar of Fedhas.
  3056 | D:4      | Found a staircase to the Ecumenical Temple.
  3072 | Temple   | Entered the Ecumenical Temple
  3192 | Temple   | Became a worshipper of the Wu Jian Council
  3582 | D:4      | Reached XP level 6. HP: 43/47 MP: 6/6
  4193 | D:5      | Entered Level 5 of the Dungeon
  4500 | D:5      | Reached * piety under Wu Jian
  4727 | D:5      | Reached skill level 1 in Unarmed Combat
  4727 | D:5      | Gained mutation: You have very sharp fingernails. [demonic ancestry]
  4727 | D:5      | Reached XP level 7. HP: 14/54 MP: 7/7
  5357 | D:5      | Found Xeafamall's Antique Weapon Boutique.
  6171 | D:6      | Reached skill level 5 in Fighting
  6171 | D:6      | Reached XP level 8. HP: 27/62 MP: 8/8
  6374 | D:6      | Found a glowing golden altar of the Shining One.
  6575 | D:6      | Reached ** piety under Wu Jian
  6684 | D:6      | Reached skill level 5 in Throwing
  7007 | D:7      | Found Hestruplu's Armour Shoppe.
  7007 | D:7      | Found Zutruwegg's Weapon Boutique.
  7462 | D:6      | Slain by an orc warrior

Vault maps used:
D:1:      mrwooster_arrival_statue_2
D:2:      lemuel_upstairs_altar, bh_walls_and_bars
D:3:      fedhas_altar_fruit_tree
D:4:      minmay_temple_entry_purple_smoke, first_bread, serial_undead,
          serial_undead_a, serial_undead_e, serial_undead_c, serial_undead_a
D:5:      serial_shops, nicolae_shop_waterfront, palyth_stone_intersect
D:6:      basic_altar, item_on_display_a
D:7:      minmay_the_grid_triangle_9x9_rhombus_thin, kennysheep_little_box,
          serial_shops, shop, shop, shop, nicolae_shop_statue_plus, shop
Temple:   eino_temple_scatter_basement

Skill      XL: |  1  2  3  4  5  6  7  8 |
---------------+-------------------------+-----
Dodging        | 1 2 3 4 |  4.9
Short Blades   | 2 3 |  3.4
Throwing       | 2 3 4 5 |  5.2
Fighting       | 3 4 5 |  5.7
Unarmed Combat | 1 2 3 |  3.7
Stealth        | |  3.6

Action                   |  1- 3 |  4- 6 |  7- 9 || total
-------------------------+-------+-------+-------++-------
Melee: Dagger            |   175 |   145 |       ||   320
       Unarmed           |       |    37 |   199 ||   236
Throw: Tomahawk          |       |     4 |     5 ||     9
Evoke: Wand              |       |     2 |     6 ||     8
  Use: Scroll            |       |     5 |     5 ||    10
       Potion            |       |     2 |     1 ||     3
 Stab: Sleeping          |     6 |     3 |       ||     9
  Eat: Chunk             |     2 |     6 |     5 ||    13
       Fruit             |       |     2 |     5 ||     7
       Royal jelly       |       |     1 |       ||     1
Armor: Robe              |    19 |       |       ||    19
       Ring mail         |    48 |    46 |     4 ||    98
       Scale mail        |       |       |    57 ||    57
Dodge: Dodged            |    93 |    86 |    71 ||   250
Block: Buckler           |     6 |    17 |    24 ||    47

Table legend:
 A = Spawn XP
 B = Non-spawn XP
 C = Spawn XP percentage of total XP
 D = Spawn monster count
 E = Non-spawn monster count
 F = Spawn count percentage of total count
 G = Total turns spent on level
                    A         B        C        D         E        F      G
               +---------+---------+-------+---------+---------+-------+---------
         Total |       0 |    2283 |   0.0 |       0 |     136 |   0.0 |  7462
               +---------+---------+-------+---------+---------+-------+---------
           D:1 |       0 |      33 |   0.0 |       0 |      20 |   0.0 |   622
           D:2 |       0 |      59 |   0.0 |       0 |      20 |   0.0 |  1010
           D:3 |       0 |     126 |   0.0 |       0 |      22 |   0.0 |  1108
           D:4 |       0 |     306 |   0.0 |       0 |      17 |   0.0 |  1347
           D:5 |       0 |     398 |   0.0 |       0 |      22 |   0.0 |  1717
           D:6 |       0 |    1065 |   0.0 |       0 |      22 |   0.0 |  1201
           D:7 |       0 |     296 |   0.0 |       0 |      13 |   0.0 |   314
               +---------+---------+-------+---------+---------+-------+---------
